 Dungeon Crawl Stone Soup version 0.29.1-15-g9cfb28693d (webtiles) character file.

Game seed: 6803092309546072334

70 Peloso the Covered (level 4, -1/40 HPs)
             Began as a Minotaur Fighter on Apr 22, 2023.
             Slain by Grinder (7 damage)
             ... on level 3 of the Dungeon.
             The game lasted 00:02:32 (1402 turns).

Peloso the Covered (Minotaur Fighter)               Turns: 1402, Time: 00:02:33

Health: -1/40      AC:  8    Str: 21    XL:     4   Next: 3%
Magic:  3/3        EV:  9    Int:  5    God:
Gold:   140        SH:  4    Dex: 11    Spells: 3/3 levels left

rFire   . . .      SeeInvis .   a - +0 long sword
rCold   . . .      Faith    .   c - +0 buckler
rNeg    . . .      Spirit   .   b - +0 scale mail
rPois   .          Reflect  .   (helmet restricted)
rElec   .          Harm     .   f - +0 cloak
rCorr   .          Rampage  .   (no gloves)
Will    .....                   (no boots)
Stlth   ..........              (no amulet)
HPRegen 0.13/turn               (no ring)
MPRegen 0.08/turn               (no ring)

@: no status effects
A: horns 2, retaliatory headbutt
a: no special abilities


You were on level 3 of the Dungeon.
You visited 1 branch of the dungeon, and saw 3 of its levels.

You collected 140 gold pieces.

Inventory:

Hand Weapons
 a - a +0 long sword (weapon)
Armour
 b - a +0 scale mail (worn)
 c - a +0 buckler (worn)
 f - a +0 cloak (worn)
 n - a +0 pair of gloves
Scrolls
 i - a scroll of enchant armour
 k - a scroll of enchant weapon
 l - a scroll of amnesia
Potions
 d - a potion of might
 e - a potion of curing
 m - a potion of flight {unknown}


   Skills:
 + Level 4.0 Fighting
 + Level 3.2 Long Blades
 + Level 4.6 Armour
 + Level 0.5 Dodging
 + Level 0.1 Stealth
 + Level 4.2 Shields


You had 3 spell levels left.
You didn't know any spells.
Your spell library contained the following spells:

 Spells                   Type           Power      Damage    Failure   Level
 Static Discharge         Conj/Air       0%         3-3/arc   95%         2
 Sublimation of Blood     Necr           0%         N/A       95%         2
 Dispel Undead            Necr           0%         3d6       100%        4
 Petrify                  Tmut/Erth      0%         N/A       100%        4
 Sticky Flame             Conj/Fire      0%         2d3       100%        4
 Irradiate                Conj/Tmut      0%         3d11      100%        5


Dungeon Overview and Level Annotations

Branches:
Dungeon (3/15)

Altars:

Annotations:
D:3 Grinder


Innate Abilities, Weirdness & Mutations

You have a pair of horns on your head.
You reflexively headbutt those who attack you in melee.


Message History

You hit the quokka.
You kill the quokka!
You slash the dart slug!
The dart slug is severely wounded.
You block the dart slug's attack.
You slash the dart slug!
You kill the dart slug!
You have reached level 4!
You feel stronger.
Found 2 green potions.
You hear the slow rusting of a drain nearby.
Things that are here:
a dart slug corpse; a quokka corpse You aren't carrying any items that you can evoke.
You hit Grinder but do no damage. Grinder gestures at you.
You barely resist. You hit Grinder but do no damage.
You headbutt Grinder, but do no damage. Grinder hits you.
* * * LOW HITPOINT WARNING * * *
You hit Grinder.
Grinder is lightly wounded.
Grinder hits you but does no damage. x2
You hit Grinder but do no damage. Your headbutt misses Grinder.
Grinder is lightly wounded.
Grinder hits you.
* * * LOW HITPOINT WARNING * * *
You writhe in agony.
* * * LOW HITPOINT WARNING * * *
You completely miss Grinder. Your headbutt misses Grinder.
Grinder is lightly wounded.
Grinder closely misses you.
You slash Grinder! Your headbutt misses Grinder.
Grinder is moderately wounded.
Grinder gestures at you. You resist with significant effort.
You hit Grinder but do no damage. You headbutt Grinder.
Grinder is heavily wounded.
Grinder hits you!
You die...

##........##....(.......#
#........#########.#####
#........# #.# #######.##
#.# #.# #.. #.# ### #.#
##†######## #..@5.....#
...........!..#
#####.........#
#.........# #.........#
#.........# #.........#
#.........#


You could see Grinder.

Vanquished Creatures
  An adder (D:2)
  4 dart slugs
  5 ball pythons
  2 bats (D:1)
  6 endoplasms
  4 giant cockroaches
  5 goblins
  5 hobgoblins
  2 jackals (D:1)
  3 kobolds
  3 quokkas
  5 frilled lizards
  2 rats (D:1)
47 creatures vanquished.

Notes
Turn   | Place    | Note
-------+----------+-------------------------------------------
     0 | D:1      | Peloso the Minotaur Fighter began the quest for the Orb.
     0 | D:1      | Reached XP level 1. HP: 19/19 MP: 0/0
   130 | D:1      | Reached XP level 2. HP: 24/27 MP: 1/1
   315 | D:1      | Reached XP level 3. HP: 33/33 MP: 2/2
  1377 | D:3      | Noticed Grinder
  1394 | D:3      | Reached XP level 4. HP: 14/40 MP: 3/3
  1402 | D:3      | Slain by Grinder

Illustrated notes

Levels and vault maps discovered:
D:1:      minmay_arrival_solitary_statue, layout_rooms, minmay_pentomino_w2
D:2:      layout_basic
D:3:      layout_basic, lightli_sewer_entry_pipes, dreamdust_wishing_well,
          uniq_grinder

Skill      XL: |  1  2  3 |
---------------+----------+-----
Armour         | 4 |  4.6
Shields        | 4 |  4.2
Fighting       | 4 |  4.0
Long Blades    | 3 |  3.2
Dodging        | |  0.5
Stealth        | |  0.1

Action                   |  1- 3 |  4- 6 || total
-------------------------+-------+-------++-------
Melee: Long sword        |    85 |     7 ||    92
       Headbutt          |    14 |     2 ||    16
  Use: Scroll            |     5 |       ||     5
       Potion            |     3 |       ||     3
Armor: Scale mail        |    41 |     2 ||    43
Dodge: Dodged            |    54 |     1 ||    55
Block: Buckler           |    23 |       ||    23
